AoeStats
← gameboy506

Oasis

510061477Analyzed
3v3 RM · 1d ago on Sep 29, 2026· 75m 38s· 6 players
Game mode
Random Map
Map size
Normal (6 player)
Population
200
Speed
Normal
Resources
Standard
Victory
Conquest
Starting age
Dark Age
Ending age
Imperial Age
RankedLock teamsTeams togetherTeam positionsShared explorationLock speedFull tech treeHidden civsTurbo modeCheats
Victory
Defeat
🇹🇭 Goths · Thailand
1037
+16
🇹🇭 Japanese · Thailand
1034
+16
🇳🇱 Vikings · Netherlands
946
+19
🇹🇼 Wei · Taiwan
1049
-18
🇹🇼 Japanese · Taiwan
1028
-17
🇹🇼 Berbers · Taiwan
1003
-16
Pineapple_Hsiao
10:59 Feudal Age
11:27 Double-Bit Axe
11:54 Horse Collar
14:40 Bloodlines
16:27 Forging
22:18 Castle Age
21:03 Scale Barding Armor
20:58 Gold Mining
21:30 Stone Mining
23:14 Bow Saw
23:06 Heavy Plow
23:42 Husbandry
24:12 Caravan
25:18 Wheelbarrow
28:49 Thumb Ring
29:02 Fletching
29:12 Padded Archer Armor
29:39 Hand Cart
30:25 Light Cavalry
31:32 Treadmill Crane
32:18 Ballistics
33:42 Leather Archer Armor
33:22 Bodkin Arrow
33:48 Chain Barding Armor
35:24 Gold Shaft Mining
34:51 Tuntian
38:23 Imperial Age
38:04 Iron Casting
39:32 Parthian Tactics
39:40 Ring Archer Armor
39:36 Conscription
39:57 Crop Rotation
40:57 Chemistry
40:57 Heavy Hei Guang Cavalry
42:07 Ming Guang Armor
42:31 Hussar
44:39 Blast Furnace
43:40 Bracer
57:27 Scale Mail Armor
64:31 Masonry
74:57 Loom
75:50 Chain Mail Armor
gameboy506
8:22 Loom
10:42 Feudal Age
12:14 Double-Bit Axe
12:32 Man-at-Arms
17:27 Horse Collar
19:14 Arson
21:23 Forging
23:37 Castle Age
22:20 Fletching
22:37 Stone Mining
23:58 Scale Mail Armor
25:19 Gambesons
24:55 Long Swordsman
25:54 Bodkin Arrow
26:38 Gold Mining
29:37 Gold Shaft Mining
29:05 Yasama
29:20 Heavy Plow
29:35 Bow Saw
30:23 Padded Archer Armor
35:10 Imperial Age
33:23 Leather Archer Armor
33:26 Chain Mail Armor
33:38 Squires
34:29 Wheelbarrow
35:35 Thumb Ring
35:55 Hand Cart
38:00 Kataparuto
37:15 Two-Handed Swordsman
38:02 Champion
40:44 Elite Genitour
42:06 Iron Casting
41:31 Bracer
43:15 Plate Mail Armor
43:16 Ring Archer Armor
43:29 Ballistics
45:24 Chemistry
45:14 Elite Samurai
54:06 Siege Engineers
53:43 Treadmill Crane
58:49 Conscription
62:58 Murder Holes
63:14 Masonry
69:22 Blast Furnace
右臂刺著貓頭鷹
9:40 Feudal Age
10:06 Double-Bit Axe
10:02 Horse Collar
14:27 Bloodlines
17:38 Forging
22:18 Castle Age
21:27 Scale Barding Armor
21:16 Fletching
24:54 Gold Mining
28:20 Imperial Age
25:31 Light Cavalry
26:12 Husbandry
27:09 Gold Shaft Mining
27:34 Chain Barding Armor
28:46 Iron Casting
30:14 Wheelbarrow
29:45 Hussar
33:02 Blast Furnace
32:53 Plate Barding Armor
37:03 Heavy Plow
37:54 Bow Saw
41:03 Elite Camel Archer
41:59 Fletching
42:10 Padded Archer Armor
44:47 Bodkin Arrow
46:44 Chemistry
46:04 Ballistics
48:34 Hand Cart
58:32 Bodkin Arrow
69:23 Bracer
Cody
10:36 Feudal Age
11:07 Loom
15:56 Double-Bit Axe
18:16 Stone Mining
21:09 Castle Age
20:03 Gold Mining
22:37 Wheelbarrow
23:39 Bow Saw
26:14 Gold Shaft Mining
25:41 Horse Collar
27:18 Treadmill Crane
28:42 Fletching
29:15 Guard Tower
30:29 Yasama
31:29 Ballistics
32:03 Hand Cart
32:01 Fortified Wall
35:29 Imperial Age
36:36 Conscription
36:42 Kataparuto
37:06 Keep
37:29 Bodkin Arrow
38:50 Two-Man Saw
37:53 Heavy Plow
39:01 Bracer
42:08 Chemistry
41:40 Murder Holes
42:30 Elite Samurai
43:25 Forging
43:15 Scale Mail Armor
45:23 Iron Casting
45:03 Chain Mail Armor
45:58 Siege Engineers
58:26 Blast Furnace
57:41 Chain Mail Armor
60:51 Padded Archer Armor
61:22 Plate Mail Armor
62:25 Pikeman
62:45 Elite Skirmisher
63:33 Thumb Ring
64:41 Leather Archer Armor
66:56 Ring Archer Armor
69:30 Squires
69:52 Halberdier
Zozimbo
0:40 Loom
10:05 Feudal Age
10:29 Horse Collar
10:36 Double-Bit Axe
10:51 Gold Mining
17:40 Castle Age
16:14 Stone Mining
18:54 Wheelbarrow
25:19 Heavy Plow
25:35 Bow Saw
28:03 Stone Shaft Mining
28:51 Hand Cart
28:22 Town Watch
31:44 Imperial Age
29:52 Town Patrol
29:59 Scale Mail Armor
30:09 Forging
31:43 Pikeman
32:24 Squires
36:13 Crop Rotation
36:44 Two-Man Saw
37:47 Chain Mail Armor
38:07 Iron Casting
37:38 Anarchy
37:02 Elite Huskarl
38:07 Caravan
38:38 Coinage
38:23 Guilds
38:24 Perfusion
38:49 Conscription
37:53 Halberdier
37:57 Man-at-Arms
40:43 Banking
41:52 Blast Furnace
40:16 Long Swordsman
40:36 Two-Handed Swordsman
41:33 Champion
sfdejonge
3:26 Loom
13:00 Feudal Age
17:52 Castle Age
15:53 Double-Bit Axe
21:00 Bow Saw
21:16 Fletching
21:43 Horse Collar
25:20 Gold Mining
25:36 Stone Mining
27:30 Gold Shaft Mining
30:05 Heavy Plow
31:16 Masonry
31:49 Fortified Wall
32:31 Pikeman
37:06 Imperial Age
35:31 Squires
35:17 Arson
35:44 Forging
35:35 Scale Mail Armor
37:04 Iron Casting
37:44 Chain Mail Armor
39:47 Two-Man Saw
39:18 Crop Rotation
39:20 Town Watch
40:07 Plate Mail Armor
40:45 Blast Furnace
40:12 Elite Varangian Guard
40:29 Crossbowman
41:31 Caravan
41:56 Bodkin Arrow
42:00 Murder Holes
42:18 Arbalester
42:59 Padded Archer Armor
43:36 Ballistics
43:48 Architecture
45:47 Elite Skirmisher
46:51 Siege Engineers
47:58 Bogsveigar
48:19 Bracer
48:03 Treadmill Crane
49:11 Elite Berserk
50:26 Hoardings
50:55 Leather Archer Armor
52:12 Chieftains
55:01 Chemistry
54:49 Ring Archer Armor
63:25 Conscription
69:01 Man-at-Arms
Connection lost

Rejoining the realm…

Still unreachable

The connection could not be restored.

Session expired

The server has moved on; the page needs a fresh start.